 Dungeon Sprint DCSS version 0.16-a0-3761-g2321f2b (console) character file.

6229 Monkaria the Brawler (level 10, -5/104 (111) HPs)
             Began as a Troll Monk on Jan 24, 2015.
             Was the Champion of Makhleb.
             Slain by a demonic crawler (11 damage)
             ... in the Dungeon (Sprint I: "Red Sonja").
             The game lasted 00:08:54 (1543 turns).

Monkaria the Brawler (Troll Monk)                   Turns: 1543, Time: 00:08:54

HP:   -5/104 (111)  AC:  5    Str: 24    XL:     10   Next: 61%
MP:   18/18         EV: 23    Int:  6    God:    Makhleb [******]
Gold: 297           SH:  0    Dex: 17    Spells: 0 memorised, 9 levels left

rFire  . . .     SeeInvis .       - Unarmed
rCold  . . .     Clarity  .     s - +0 robe {MR+}
rNeg   . . .     SustAb   .     (shield restricted)
rPois  .         Gourm    +     (helmet restricted)
rElec  .         Spirit   .     (no cloak)
rCorr  .         Warding  .     (gloves unavailable)
rMut   .         NoTele   +     (boots unavailable)
MR     +....                    (no amulet)
Stlth  +++.......               (no ring)
                                (no ring)

@: agile, somewhat resistant to hostile enchantments, fairly stealthy
A: unfitting armour, claws 3, fast metabolism 3, gourmand, regeneration 2,
shaggy fur 1, tough skin 2
a: Minor Destruction, Lesser Servant of Makhleb, Major Destruction, Greater
Servant of Makhleb, Renounce Religion


You were in the Dungeon.
You worshipped Makhleb.
Makhleb was exalted by your worship.
You were hungry.

You visited 1 branch You collected 1514 gold pieces.
You spent 1217 gold pieces at shops.

Inventory:

Hand weapons
 p - the +9 great sword of Pain and Death {slice, +Fly rPois+ SInv}
   (You bought it in a shop in the Dungeon)

   It inflicts extra damage upon your enemies.
   It protects you from poison.
   It enhances your eyesight.
   It lets you fly.
Missiles
 a - 5 curare-tipped needles
Armour
 d - the +1 cloak "Vuruceev" {rElec rN+ Int-5}
   (You found it in the Dungeon)

   It affects your intelligence (-5).
   It insulates you from electricity.
   It protects you from negative energy.
 s - a +0 robe of magic resistance (worn)
Scrolls
 h - a scroll of blinking
 i - a scroll of fear
 r - a scroll of fog
Potions
 f - 3 potions of magic
 g - a potion of agility
 l - 5 potions of curing
 n - a potion of might
 o - a potion of flight
Miscellaneous
 e - a sack of spiders {used: 2}
Comestibles
 b - 2 meat rations


   Skills:
 - Level 10.4 Fighting
 - Level 11.5 Dodging
 - Level 1.1 Stealth
 - Level 15.6 Unarmed Combat
 + Level 8.6 Invocations


You had 9 spell levels left.
You didn't know any spells.

Dungeon Overview and Level Annotations

Branches:
Dungeon (1/1)

Altars:
Cheibriados
Dithmenos
Elyvilon
Fedhas
Gozag
Kikubaaqudgha
Makhleb
Nemelex Xobeh
Okawaru
Qazlal
Ru
Sif Muna
Trog
Vehumet
Xom
Yredelemnul
Zin
The Shining One
Jiyva

Shops:
D }[*![(%[*=(::%[!

Annotations:
D Sonja


Innate Abilities, Weirdness & Mutations

You are too large for most types of armour.
You have claws for hands.
Your metabolism is lightning-fast.
You like to eat raw meat.
You heal very quickly.
You are covered in fur (AC +1).
You have very tough skin (AC +2).


Message History

Things that are here:
a dagger of speed; a robe Unknown command.
You mangle the demonic crawler!! You claw the demonic crawler.
The demonic crawler is heavily wounded.
The demonic crawler hits your spider. The demonic crawler hits your spider!
The demonic crawler hits your spider!
Your spider dies!
Your spider's corpse disappears in a puff of smoke!
The demonic crawler misses you. The demonic crawler barely misses you.
The demonic crawler hits you but does no damage.
You claw the demonic crawler!
The demonic crawler is severely wounded.
The demonic crawler closely misses you.
The demonic crawler completely misses you.
The demonic crawler barely misses you.
Evoke which item? (* to show all) (? for menu, Esc to quit)
You reach into the bag... ...and things crawl out!
The demonic crawler hits you!
You die...

####################
'..#.)'..#__#..'@s.#
#.)'..#..'..'..#)ss#
##'#####'#__####.§.†^.#
#..#...#(####(§#####..+
####..##.#§§§§.#..# +##
.__##'#..§§≈§)§§..#
∩...'..._#(≈§§.#§§#
.._##_.#'##'#####'###
___###'#[#.(.)###.'.#


You could see 2 demonic crawlers and a friendly spider.

Vanquished Creatures
  2 centaur warriors (D)
  2 unseen horrors (D)
  A deep troll (D)
  An oklob plant (D)
  2 kobold demonologists (D)
  2 demonic crawlers (D)
  4 trapdoor spiders (D)
  A slime creature (D)
  A yak (D)
  7 necrophages (D)
  A wasp (D)
  An ogre (D)
  Sigmund (D)
  8 jellies (D)
  Ijyb (D)
  2 giant eyeballs (D)
  A ballistomycete (D)
38 creatures vanquished.

Vanquished Creatures (others)
  A gargoyle (D)
  A spider (D)
  2 giant mites (D)
  2 giant spores (D)
6 creatures vanquished.

Grand Total: 44 creatures vanquished

Notes
Turn   | Place    | Note
--------------------------------------------------------------
     0 | D        | Monkaria, the Troll Monk, began the quest for the Orb.
     0 | D        | Reached XP level 1. HP: 22/22 MP: 1/1
     2 | D        | Noticed Ijyb
    10 | D        | Killed Ijyb
    10 | D        | Reached XP level 2. HP: 26/33 MP: 1/1
    13 | D        | Noticed an ogre
    17 | D        | Killed an ogre
    17 | D        | Reached skill level 8 in Unarmed Combat
    17 | D        | Reached XP level 3. HP: 36/41 MP: 2/2
    17 | D        | Reached XP level 4. HP: 43/49 MP: 2/2
    39 | D        | Noticed Sigmund
    45 | D        | Killed Sigmund
    45 | D        | Reached skill level 10 in Unarmed Combat
    45 | D        | Reached XP level 5. HP: 46/55 MP: 2/2
    71 | D        | Found a deep blue altar of Sif Muna.
    72 | D        | Noticed a jelly
    73 | D        | Found a radiant altar of Vehumet.
    75 | D        | Killed a jelly
    99 | D        | Found Dafuxes' Gadget Emporium.
    99 | D        | Found a white marble altar of Elyvilon.
    99 | D        | Found a stormy altar of Qazlal.
    99 | D        | Found a basalt altar of Yredelemnul.
    99 | D        | Found an iron altar of Okawaru.
    99 | D        | Found a sparkling altar of Nemelex Xobeh.
    99 | D        | Found a shimmering altar of Xom.
    99 | D        | Found an ancient bone altar of Kikubaaqudgha.
    99 | D        | Noticed a yak
   104 | D        | Killed a yak
   104 | D        | Reached skill level 12 in Unarmed Combat
   104 | D        | Reached XP level 6. HP: 30/65 MP: 3/3
   105 | D        | Found a burning altar of Makhleb.
   105 | D        | Found a sacrificial altar of Ru.
   105 | D        | Found a glowing golden altar of the Shining One.
   105 | D        | Found an opulent altar of Gozag.
   105 | D        | Found a glowing silver altar of Zin.
   113 | D        | Found a bloodstained altar of Trog.
   115 | D        | Became a worshipper of Makhleb the Destroyer
   115 | D        | Acquired Makhleb's first power
   115 | D        | Acquired Makhleb's second power
   165 | D        | Found a snail-covered altar of Cheibriados.
   165 | D        | Found a viscous altar of Jiyva.
   165 | D        | Found a shadowy altar of Dithmenos.
   165 | D        | Found a blossoming altar of Fedhas.
   165 | D        | Noticed a slime creature
   170 | D        | Killed a slime creature
   170 | D        | Reached XP level 7. HP: 71/78 MP: 3/3
   211 | D        | Noticed a centaur warrior
   212 | D        | Noticed a centaur warrior
   223 | D        | Killed a centaur warrior
   223 | D        | Reached skill level 15 in Unarmed Combat
   223 | D        | Reached XP level 8. HP: 81/87 MP: 3/3
   225 | D        | Killed a centaur warrior
   225 | D        | Acquired Makhleb's third power
   225 | D        | Reached skill level 10 in Fighting
   227 | D        | Noticed a wasp
   229 | D        | Killed a wasp
   278 | D        | Noticed a deep troll
   282 | D        | Killed a deep troll
   282 | D        | Reached XP level 9. HP: 79/102 MP: 4/4
   312 | D        | Killed a gargoyle
   316 | D        | Found Frahom's Armour Emporium.
   336 | D        | Noticed an oklob plant
   341 | D        | Killed an oklob plant
   435 | D        | Noticed a trapdoor spider
   443 | D        | Killed a trapdoor spider
   443 | D        | Acquired Makhleb's fourth power
   604 | D        | Noticed a trapdoor spider
   606 | D        | Noticed a trapdoor spider
   607 | D        | Killed a trapdoor spider
   611 | D        | Killed a trapdoor spider
   639 | D        | Noticed a trapdoor spider
   652 | D        | Killed a trapdoor spider
   800 | D        | Killed an unseen horror
   800 | D        | Reached skill level 10 in Dodging
   800 | D        | Reached XP level 10. HP: 81/111 MP: 4/4
   803 | D        | Killed an unseen horror
   803 | D        | Acquired Makhleb's fifth power
   806 | D        | Noticed a jelly
   806 | D        | Noticed a jelly
   806 | D        | Noticed a jelly
   806 | D        | Noticed a jelly
   807 | D        | Paralysed by a giant eyeball for 3 turns
   813 | D        | Noticed a jelly
   813 | D        | Noticed a jelly
   813 | D        | Noticed a jelly
   816 | D        | Killed a jelly
   816 | D        | Reached skill level 1 in Invocations
   819 | D        | Killed a jelly
   822 | D        | Killed a jelly
   824 | D        | Killed a jelly
   825 | D        | Killed a jelly
   827 | D        | Killed a jelly
   830 | D        | Killed a jelly
   833 | D        | Noticed a necrophage
   834 | D        | Noticed a necrophage
   834 | D        | Noticed a necrophage
   929 | D        | Killed a necrophage
   935 | D        | Killed a necrophage
   945 | D        | Noticed a necrophage
   946 | D        | Noticed a necrophage
   950 | D        | Killed a necrophage
   956 | D        | Killed a necrophage
   959 | D        | Killed a necrophage
   959 | D        | Reached skill level 5 in Invocations
   960 | D        | Found Ycopaogein's Book Boutique.
   960 | D        | Found Wuhain's Food Emporium.
   960 | D        | Noticed a necrophage
   961 | D        | Noticed a necrophage
   962 | D        | Found Cobbamm's Distillery.
   966 | D        | Killed a necrophage
   969 | D        | Killed a necrophage
   976 | D        | Got an ancient cloak
   992 | D        | Identified the +1 cloak "Vuruceev" {rElec rN+ Int-5} (You found it in the Dungeon)
  1134 | D        | Found Phuikahu's Book Boutique.
  1134 | D        | Found Sohani's Antique Weapon Shoppe.
  1134 | D        | Found Eram's Jewellery Shop.
  1134 | D        | Found Udghampe's Assorted Antiques.
  1134 | D        | Found Arezxav Haipt's Antique Armour Boutique.
  1134 | D        | Found Nuodd's Food Shoppe.
  1134 | D        | Found Xaedeicvom's Weapon Shop.
  1134 | D        | Found Tupumur's Armour Emporium.
  1136 | D        | Bought a potion of agility for 48 gold pieces
  1136 | D        | Bought a potion of curing for 36 gold pieces
  1136 | D        | Bought a potion of heal wounds for 60 gold pieces
  1136 | D        | Bought a potion of might for 48 gold pieces
  1136 | D        | Bought 2 potions of curing for 72 gold pieces
  1136 | D        | Bought a potion of heal wounds for 60 gold pieces
  1136 | D        | Bought a potion of flight for 36 gold pieces
  1137 | D        | Found Kaunain's Distillery.
  1137 | D        | Found Pluad's General Store.
  1138 | D        | Found Mnue's Antique Armour Shop.
  1139 | D        | Bought a bone great sword for 287 gold pieces
  1141 | D        | Bought a potion of curing for 72 gold pieces
  1141 | D        | Bought a scroll labeled IMOTIVVUNA for 24 gold pieces
  1141 | D        | Bought a lumpy silvery potion for 21 gold pieces
  1141 | D        | Bought a scroll labeled ILIAPHUSERPH for 24 gold pieces
  1141 | D        | Bought a scroll labeled IMOTIVVUNA for 24 gold pieces
  1144 | D        | Bought an embroidered robe for 15 gold pieces
  1144 | D        | Bought a runed robe for 15 gold pieces
  1148 | D        | Bought a potion of cure mutation for 350 gold pieces
  1148 | D        | Bought a potion of mutation for 25 gold pieces
  1153 | D        | Identified the +9 great sword of Pain and Death {slice, +Fly rPois+ SInv} (You bought it in a shop in the Dungeon)
  1192 | D        | Gained mutation: You have a pair of small antennae on your head. [potion of mutation]
  1192 | D        | Lost intelligence.
  1192 | D        | Gained mutation: You are dopey. (Int -2) [potion of mutation]
  1192 | D        | Gained mutation: Scrolls take you a little longer to read. [potion of mutation]
  1220 | D        | Lost mutation: You have a pair of small antennae on your head. [potion of cure mutation]
  1220 | D        | Lost mutation: You are dopey. (Int -2) [potion of cure mutation]
  1220 | D        | Lost mutation: Scrolls take you a little longer to read. [potion of cure mutation]
  1258 | D        | Noticed Sonja
  1492 | D        | Noticed a kobold demonologist
  1493 | D        | Noticed a kobold demonologist
  1504 | D        | Killed a kobold demonologist
  1506 | D        | Killed a kobold demonologist
  1511 | D        | Noticed a demonic crawler
  1511 | D        | Noticed a demonic crawler
  1511 | D        | Noticed a demonic crawler
  1511 | D        | Noticed a demonic crawler
  1518 | D        | Killed a demonic crawler
  1526 | D        | Killed a demonic crawler
  1537 | D        | HP: 3/104 [demonic crawler (7)]
  1543 | D        | Slain by a demonic crawler

Action                   |  1- 3 |  4- 6 |  7- 9 | 10-12 || total
-------------------------+-------+-------+-------+-------++-------
Melee: Unarmed           |     9 |    13 |    48 |    89 ||   159
Evoke: Sack of spiders   |       |       |       |     2 ||     2
  Use: Potion            |       |       |     4 |     6 ||    10
       Scroll            |       |       |       |     5 ||     5
 Stab: Sleeping          |     1 |     2 |       |       ||     3
  Eat: Chunk             |       |     7 |     3 |       ||    10
       Beef jerky        |       |       |       |     1 ||     1
